Map: Chantier naval orbital

Players

MaiStA - Winner!

  • Race: Protoss Protoss
  • League: Master

Worming

  • Race: Zerg Zerg
  • League: Diamond

VOD

Have the link to the VOD?

Description

Time

  • Played on: Feb. 14, 2016, 7:20 a.m.
  • Length: 8:44
Show
View Real Time Build Order
Export as new Build Order

MaiStA Protoss - Winner!

Build Orders: 1 Gate Expand 

Get SALT Encoding   

  12  0:01  Probe (Chrono Boost)  
  13  0:13  Probe (Chrono Boost)  
  14  0:24  Probe (Chrono Boost)  
  14  0:28  Pylon  
  15  0:46  Probe (Chrono Boost)  
  16  0:50  Gateway  
  17  0:57  Probe (Chrono Boost)  
  17  1:07  Probe (Chrono Boost)  
  18  1:24  Nexus  
  18  1:39  Gateway, Cybernetics Core  
  18  1:41  Probe (Chrono Boost)  
  18  1:45  Assimilator  
  19  1:51  Probe (Chrono Boost)  
  20  1:54  Assimilator  
  20  2:02  Probe (Chrono Boost)  
  20  2:03  Pylon  
  21  2:12  Probe (Chrono Boost)  
  22  2:21  Adept  
  24  2:23  Probe (Chrono Boost)  
  25  2:30  Adept  
  25  2:33  Probe (Chrono Boost), Pylon  
  25  2:34  Warp Gate (Chrono Boost)  
  28  2:38  Probe (Chrono Boost)  
  30  2:44  Probe (Chrono Boost)  
  30  2:56  Pylon  
  30  3:01  Adept x2 (Chrono Boost)  
  34  3:06  Mothership Core (Chrono Boost)  
  34  3:09  Probe  
  36  3:21  Probe (Chrono Boost)  
  37  3:27  Probe (Chrono Boost)  
  37  3:30  Robotics Facility  
  37  3:32  Probe (Chrono Boost)  
  39  3:38  Gateway  
  39  3:42  Probe (Chrono Boost)  
  39  3:43  Probe (Chrono Boost)  
  39  3:47  Pylon  
  41  3:53  Pylon  
  41  3:56  Probe (Chrono Boost)  
  41  4:02  Probe (Chrono Boost)  
  43  4:06  Probe (Chrono Boost)  
  39  4:17  Probe (Chrono Boost)  
  39  4:18  Probe (Chrono Boost)  
  42  4:24  Assimilator  
  42  4:27  Probe (Chrono Boost), Warp Prism  
  42  4:29  Probe (Chrono Boost)  
  42  4:31  Gateway  
  42  4:35  Gateway  
  42  4:38  Probe (Chrono Boost)  
  43  4:39  Probe (Chrono Boost)  
  43  4:40  Sentry x2  
  43  4:42  Sentry  
  50  4:48  Probe (Chrono Boost)  
  50  4:50  Probe (Chrono Boost)  
  52  5:05  Gateway  
  52  5:06  Gateway  
  52  5:08  Immortal  
  52  5:11  Sentry x2  
  60  5:15  Assimilator  
  60  5:21  Probe x2 (Chrono Boost), Pylon  
  62  5:28  Adept  
  62  5:31  Pylon  
  62  5:33  Pylon  
  64  5:39  Adept  
  64  5:40  Adept x3  
  72  5:48  Probe (Chrono Boost)  
  72  5:49  Probe (Chrono Boost)  
  74  6:09  Nexus  
  74  6:10  Pylon  
  74  6:11  Pylon  
  74  6:21  Stalker x3  
  74  6:22  Stalker  
  74  6:25  Stalker  
  84  6:34  Stalker  
  85  6:45  Stalker x2  
  85  6:46  Stalker x2  
  93  6:50  Sentry  
  95  7:14  Stalker x4  
  95  7:15  Stalker x2  
  83  7:41  Stalker x5  
  83  7:43  Stalker  
  87  7:53  Probe x2 (Chrono Boost)  
  77  8:03  Probe (Chrono Boost)  
  77  8:04  Probe (Chrono Boost)  
  79  8:09  Stalker  
  79  8:10  Stalker x5  
  91  8:19  Probe x2 (Chrono Boost)  
  93  8:24  Assimilator  
  93  8:29  Probe (Chrono Boost)  
  94  8:40  Sentry x5  
Show
View Real Time Build Order
Export as new Build Order

Worming Zerg 

Build Orders: Hatch First 

Get SALT Encoding   

  12  0:01  Drone  
  13  0:09  Drone  
  14  0:17  Overlord  
  14  0:27  Drone, Extractor  
  17  0:35  Drone x2  
  17  0:46  Drone  
  18  0:57  Hatchery  
  18  0:59  Drone  
  18  1:13  Spawning Pool  
  18  1:15  Drone  
  18  1:19  Drone  
  18  1:24  Extractor  
  18  1:27  Drone  
  19  1:38  Drone  
  20  1:50  Overlord  
  20  2:00  Queen  
  22  2:09  Drone  
  22  2:10  Zergling x4  
  25  2:21  Overlord  
  25  2:28  Drone  
  26  2:39  Metabolic Boost  
  26  2:44  Drone x4  
  26  2:49  Queen x2  
  34  2:56  Drone x2  
  35  3:11  Zergling x4  
  37  3:17  Roach Warren  
  36  3:20  Drone x4  
  36  3:24  Overlord  
  40  3:45  Hatchery  
  40  3:48  Zergling x10  
  44  4:01  Roach x3  
  44  4:02  Roach  
  46  4:25  Drone x5  
  51  4:38  Drone  
  52  4:39  Overlord x2  
  52  4:40  Overlord  
  52  4:41  Overlord  
  52  4:47  Extractor x2  
  50  4:56  Spore Crawler  
  50  4:58  Spore Crawler  
  48  5:07  Zergling x2  
  48  5:08  Zergling x10, Roach x6  
  66  5:21  Spine Crawler  
  65  5:28  Overlord x2  
  65  5:30  Zergling x4, Roach  
  69  5:38  Drone  
  70  5:49  Overlord  
  70  5:52  Spore Crawler  
  70  5:53  Lair  
  70  5:56  Drone x3  
  72  5:57  Drone x2, Evolution Chamber x2  
  71  6:16  Drone x7  
  78  6:24  Overlord  
  78  6:30  Ravager x5  
  78  6:31  Zergling x4  
  84  6:34  Zerg Melee Weapons Level 1  
  83  6:47  Zergling x12  
  83  6:48  Zergling x2  
  90  7:00  Roach x2  
  90  7:01  Roach x3  
  95  7:11  Roach  
  95  7:12  Roach x3  
  96  7:22  Roach  
  96  7:23  Roach x4  
  96  7:26  Zergling x4  
  101  7:34  Roach  
  101  7:35  Zergling x4, Roach  
  94  7:42  Roach x3  
  78  7:52  Zergling x2, Roach x3  
  70  8:04  Zergling x2  
  70  8:05  Zergling x10  
  57  8:15  Roach x3  
Tags
 
Add a new tag
Caveats
  • Supply blocks, unpowered buildings, or Contaminate may cause inaccurate times.
  • Supply counts are checked every 10 seconds.